 Dungeon Crawl Stone Soup version 0.30.1 (webtiles) character file.

Game seed: 15746713514371128996

12436 Heoruswealwe the Skirmisher (level 11, -11/157 HPs)
             Began as a Demigod Hunter on July 5, 2023.
             Killed from afar by a gargoyle (14 damage)
             ... with a stone arrow
             ... on level 11 of the Dungeon.
             The game lasted 01:57:38 (10022 turns).

Heoruswealwe the Skirmisher (Demigod Hunter)       Turns: 10022, Time: 01:57:39

Health: -11/157    AC: 29    Str: 11 (12) XL:     11   Next: 36%
Magic:  14/14      EV:  2    Int:  9 (11) God:
Gold:   484        SH:  0    Dex: 31 (34) Spells: 10/10 levels left

rFire   . . .        a - +5 arbalest (drain)
rCold   . . .        (shield currently unavailable)
rNeg    . . .        c - melded +0 leather armour
rPois   +            (helmet currently unavailable)
rElec   .            h - melded scarf {repulsion}
rCorr   .            (gloves currently unavailable)
SInv    +            e - melded +1 pair of boots
Will    +....        (no amulet)
Stlth   +++          k - ring "Unnif" {+Blink rPois AC+4 Dex+5 SInv}
HPRegen 0.46/turn    j - +4 ring of slaying
MPRegen 0.14/turn

%: no passive effects
@: mighty, tree-form
A: stationary, stasis, torment immunity, boosted hp, high MP 1, forlorn, divine
attributes
a: Evoke Blink


You were on level 11 of the Dungeon.
You were a tree.
You visited 2 branches of the dungeon, and saw 12 of its levels.

You collected 806 gold pieces.
You spent 322 gold pieces at shops.

Inventory:

Hand Weapons
 a - a +5 arbalest of draining (weapon)
Armour
 c - a +0 leather armour (melded)
 e - a +1 pair of boots (melded)
 h - a scarf of repulsion (melded)
 q - a +0 crystal plate armour
 x - a +2 robe of the Archmagi
 H - +0 ice dragon scales
Magical Staves
 m - a staff of death
Jewellery
 j - a +4 ring of slaying (right branch)
 k - the ring "Unnif" (left branch) {+Blink rPois AC+4 Dex+5 SInv}
   (You found it on level 8 of the Dungeon)

   [ring of protection]

   AC:        It affects your AC (+4).
   Dex:       It affects your dexterity (+5).
   rPois:     It protects you from poison.
   SInv:      It lets you see invisible.
   +Blink:    It lets you blink.
 l - a ring of resist corrosion
 r - a ring of wizardry
Wands
 t - a wand of polymorph (8)
 I - a wand of roots (2)
Scrolls
 g - a scroll of amnesia
 i - 8 scrolls of teleportation
 n - 2 scrolls of magic mapping
 v - a scroll of butterflies
 A - a scroll of enchant armour
 E - a scroll of fog
Potions
 b - a potion of mutation
 d - a potion of flight
 o - 2 potions of cancellation
 p - a potion of brilliance
 w - 2 potions of resistance
 z - a potion of invisibility {unknown}
 D - a potion of lignification
Miscellaneous
 F - a piece from Xom's chessboard (15/15)


   Skills:
 + Level 12.3 Fighting
 + Level 12.7 Ranged Weapons
 - Level 1.7 Dodging
 - Level 0.8 Stealth


You had 10 spell levels left.
You didn't know any spells.
Your spell library contained the following spells:

 Spells                   Type           Power      Damage    Failure   Level
 Apportation              Tloc           0%         N/A       38%         1
 Necrotise                Necr           0%         1d4       38%         1
 Sandblast                Erth           0%         2d4       38%         1
 Summon Small Mammal      Summ           0%         N/A       38%         1
 Ensorcelled Hibernation  Hex/Ice        0%         N/A       52%         2
 Passwall                 Tmut/Erth      0%         N/A       52%         2
 Spider Form              Tmut/Pois      0%         N/A       77%         3
 Stone Arrow              Conj/Erth      0%         3d7       77%         3
 Vampiric Draining        Necr           0%         2d6       77%         3
 Volatile Blastmotes      Fire/Tloc      0%         2d10      77%         3
 Anguish                  Hex/Necr       0%         N/A       99%         4
 Fulminant Prism          Conj/Hex       0%         3d5       99%         4
 Iskenderun's Mystic Bla  Conj/Tloc      0%         2d3       99%         4
 Agony                    Necr           0%         N/A       100%        5
 Iskenderun's Battlesphe  Conj           0%         2d6       100%        5
 Lee's Rapid Deconstruct  Erth           0%         3d4*      100%        5
 Iron Shot                Conj/Erth      0%         9d1       100%        6
 Spellforged Servitor     Conj/Summ      0%         N/A       100%        7


Dungeon Overview and Level Annotations

Branches:
Dungeon (11/15)            Temple (1/1) D:6             Orc (0/2) D:10
   Lair: D:8-11

Shops:
D:4 :   D:9 [


Innate Abilities, Weirdness & Mutations

You are a tree.
Your roots penetrate the ground, keeping you stationary.
You cannot be teleported.
You are immune to unholy pain and torment.
Your maximum health is greatly increased.
Your equipment is partially melded.
You have an increased reservoir of magic. (+10% MP)
You shall have no god before yourself.
Your divine heritage dramatically boosts your attributes as you level up.


Message History

You shoot a bolt. The bolt hits the kobold demonologist!!
You kill the kobold demonologist!
The soul eater disappears in a puff of smoke!
The hellwing disappears in a puff of smoke!
The shadow imp disappears in a puff of smoke! x2
The iron imp disappears in a puff of smoke!
The kobold hits you but does no damage. x2
The gargoyle hurls a stone arrow at you.
The stone arrow hits you but does no damage.
Your life force feels restored.
Fire: a) +5 arbalest (drain)
Press: ? - help, Q - select action, (/) - cycle Shift-Dir - straight line, f - kobold
Aim: a kobold, wielding a +0 dagger and quivering stones (blue smoke, 75% to hit)
You shoot a bolt. The bolt barely misses the kobold.
The kobold hits you but does no damage. x2
The gargoyle hits you with a +0 morningstar!
* * * LOW HITPOINT WARNING * * *
The kobold completely misses you. The kobold hits you but does no damage.
You feel better.
The kobold hits you but does no damage. x2
The gargoyle hits you with a +0 morningstar!
* * * LOW HITPOINT WARNING * * *
Fire: a) +5 arbalest (drain)
Press: ? - help, Q - select action, (/) - cycle Shift-Dir - straight line, f/p - kobold
Aim: a kobold, wielding a +0 dagger and quivering stones (75% to hit)
You shoot a bolt. The bolt hits the kobold!!
You kill the kobold!
The kobold hits you but does no damage.
The gargoyle hits you with a +0 morningstar!
* * * LOW HITPOINT WARNING * * *
It was a potion of degeneration.
There was something very wrong with that liquid.
You feel weakened.
You feel dopey.
You feel clumsy. The kobold hits you but does no damage.
The gargoyle hits you but does no damage.
It was a potion of might.
You feel very mighty all of a sudden. The kobold hits you but does no damage.
The gargoyle hurls a stone arrow at you.
The stone arrow hits you!
You die...

.. #..... #..... #.....
###################.....
....!...................
.......)................
......)♣K.<.............
.......9................
.)......................
......................##
.....#####............#
..... ##############
.... ....


You could see a gargoyle and a kobold.

Vanquished Creatures
  Harold (D:9)
  The ghost of ripuliukko the Thaumaturge, a journeyman DEEE of Vehumet (D:8)
  A hydra (D:8)
  A two-headed ogre (D:9)
  A wizard (D:9)
  An ugly thing (D:8)
  A cyclops (D:11)
  The ghost of ripuliukko the Thaumaturge, a novice DEEE of Vehumet (D:5)
  A kobold demonologist (D:11)
  2 trolls
  Prince Ribbit (D:9)
  Sigmund (D:2)
  9 yaks (D:10)
  3 wyverns
  4 vampire mosquitoes (D:10)
  A steam dragon (D:8)
  2 acid dragons
  Edmund (D:5)
  Duvessa (D:6)
  4 orc warriors
  2 water moccasins
  An ice beast (D:7)
  5 sky beasts
  A black bear (D:5)
  2 ogres (D:6)
  5 centaurs
  3 kobold brigands
  A bullfrog (D:7)
  3 scorpions
  5 wights (D:8)
  Dowan (D:6)
  13 killer bees
  A howler monkey (D:5)
  6 crimson imps (D:8)
  2 gnoll boudas
  A centaur zombie (D:8)
  4 hounds
  4 jellies
  5 orc priests
  2 sleepcaps
  7 iguanas
  Natasha (thrice) (D:2)
  9 orc wizards
  A killer bee zombie (D:8)
  14 gnolls
  5 adders
  A shadow imp (D:8)
  3 white imps
  3 worms
  3 dart slugs
  26 orcs
  4 ball pythons
  7 endoplasms
  A giant cockroach (D:1)
  8 goblins
  6 hobgoblins
  21 kobolds
  7 quokkas
  10 bats
  11 frilled lizards
  5 rats
260 creatures vanquished.

Notes
Turn   | Place    | Note
-------+----------+-------------------------------------------
     0 | D:1      | Heoruswealwe the Demigod Hunter began the quest for the
                  | Orb.
     0 | D:1      | Reached XP level 1. HP: 17/17 MP: 3/3
   335 | D:1      | Reached XP level 2. HP: 24/24 MP: 4/4
   912 | D:2      | Reached XP level 3. HP: 24/30 MP: 5/5
  1003 | D:2      | Noticed Natasha
  1006 | D:2      | Killed Natasha
  1007 | D:2      | Reached XP level 4. HP: 38/38 MP: 6/6
  1353 | D:2      | Noticed Natasha
  1370 | D:2      | Killed Natasha
  1371 | D:2      | Reached XP level 5. HP: 21/46 MP: 7/7
  1443 | D:2      | Noticed Sigmund
  1462 | D:2      | Killed Sigmund
  1463 | D:2      | Reached skill level 5 in Ranged Weapons
  1463 | D:2      | Reached XP level 6. HP: 19/53 MP: 8/8
  1675 | D:2      | Noticed Natasha
  1680 | D:2      | Killed Natasha
  3132 | D:4      | Found Zutiar's Tiny Tomes.
  3286 | D:4      | Reached skill level 5 in Fighting
  3412 | D:3      | You fall into a shaft and drop 2 floors!
  3412 | D:5      | Entered Level 5 of the Dungeon
  3484 | D:5      | Found a large runed translucent door.
  3484 | D:5      | Found a large runed translucent door.
  3488 | D:5      | Noticed ripuliukko's ghost (novice DEEE)
  3502 | D:5      | Reached XP level 7. HP: 61/61 MP: 9/9
  4308 | D:5      | Noticed Edmund
  4322 | D:5      | Killed Edmund
  4637 | D:5      | Killed ripuliukko's ghost
  4638 | D:5      | Reached XP level 8. HP: 57/71 MP: 10/10
  5010 | D:6      | Found Joppa's Magic Scroll Shop.
  5021 | D:6      | Bought a scroll of identify for 28 gold pieces
  5021 | D:6      | Bought a scroll of amnesia for 56 gold pieces
  5021 | D:6      | Bought a scroll of teleportation for 42 gold pieces
  5021 | D:6      | Bought a scroll of fear for 56 gold pieces
  5021 | D:6      | Bought a scroll of butterflies for 56 gold pieces
  5021 | D:6      | Bought a scroll of identify for 28 gold pieces
  5021 | D:6      | Bought a scroll of teleportation for 42 gold pieces
  5023 | D:6      | Bought a scroll of noise for 14 gold pieces
  5174 | D:6      | Noticed Duvessa
  5176 | D:6      | Noticed Dowan
  5204 | D:6      | Killed Duvessa
  5207 | D:6      | Killed Dowan
  5297 | D:6      | Found a staircase to the Ecumenical Temple.
  5307 | Temple   | Entered the Ecumenical Temple
  5690 | D:6      | Reached XP level 9. HP: 41/81 MP: 11/11
  7147 | D:8      | Reached skill level 10 in Ranged Weapons
  7633 | D:8      | Identified the ring "Unnif" {+Blink rPois AC+4 Dex+5 SInv}
  7904 | D:8      | Noticed a green ugly thing
  7916 | D:8      | Noticed a four-headed hydra
  7924 | D:8      | Killed a four-headed hydra
  7924 | D:8      | Killed a green ugly thing
  7925 | D:8      | Reached skill level 10 in Fighting
  7925 | D:8      | Reached XP level 10. HP: 46/94 MP: 13/13
  8289 | D:8      | Found a runed translucent gate.
  8289 | D:8      | Found a runed translucent gate.
  8289 | D:8      | Noticed ripuliukko's ghost (journeyman DEEE)
  8290 | D:8      | Found a runed translucent gate.
  8336 | D:8      | Killed ripuliukko's ghost
  8574 | D:9      | Noticed a two-headed ogre
  8594 | D:9      | Killed a two-headed ogre
  8650 | D:9      | Noticed Prince Ribbit
  8655 | D:9      | Killed Prince Ribbit
  8718 | D:9      | Noticed a wizard
  8722 | D:9      | Killed a wizard
  8894 | D:9      | Noticed Harold
  8897 | D:9      | Killed Harold
  8918 | D:9      | Found Pubaebet's Armour Boutique.
  9201 | D:10     | Entered Level 10 of the Dungeon
  9209 | D:10     | Reached XP level 11. HP: 97/103 MP: 14/14
  9634 | D:10     | Found a staircase to the Orcish Mines.
 10002 | D:11     | Noticed a soul eater
 10017 | D:11     | Noticed a soul eater
 10020 | D:11     | HP: 2/157 [gargoyle/+0 morningstar (9)]
 10022 | D:11     | Killed from afar by a gargoyle

Illustrated notes

Levels and vault maps discovered:
D:1:      scummos_arrival_hexagon, layout_loops_corners,
          wander_ebering_terrifying_dragon_lair
D:2:      layout_loops_ring, hellmonk_ecumenical_altar_run_dry,
          minmay_misc_feat_encased, uniq_natasha, uniq_sigmund
D:3:      layout_loops_corners, minmay_overflow_temple_hex,
          nicolae_elevator_lobby_plus
D:4:      layout_loops_ring, nicolae_shop_i_like_small_books_too
D:5:      layout_cave_pods, elyvilon_altar_4, ebering_ghost_disaster_area,
          uniq_edmund
D:6:      layout_basic, mainiacjoe_overflow_paths, minmay_temple_entry_fiery,
          nicolae_stop_n_shop_1, serial_park_tiny_1, grunt_decor_resistance,
          minmay_lizard_king, uniq_duvessa
D:7:      layout_basic
D:8:      minmay_cornered_nines, layout_basic, nicolae_yredelemnul_ghost_church,
          minmay_nine_imps
D:9:      cheibrodos_wizards_tower, layout_loops_cross,
          mainiacjoe_overflow_brackets, grunt_temple_overflow_open,
          serial_shops, nicolae_shop_tiny_real_fake_doors, uniq_prince_ribbit1,
          uniq_harold
D:10:     layout_rooms, kennysheep_mini, minmay_orc_entry_temple_small
D:11:     layout_irregular_city, lair_entry_dummy, enter_trove_2, uniq_erolcha
Temple:   hellmonk_temple_beads

Skill      XL: |  1  2  3  4  5  6  7  8  9 10 11 |
---------------+----------------------------------+-----
Fighting       | 2 3 4 5 6 8 10 11 12 | 12.3
Ranged Weapons | 4 5 6 7 8 10 12 | 12.7
Dodging        | |  1.7
Stealth        | |  0.8

Action                     |  1- 3 |  4- 6 |  7- 9 | 10-12 || total
---------------------------+-------+-------+-------+-------++-------
   Fire: Shortbow          |    83 |   142 |   324 |       ||   549
         Arbalest          |       |       |    22 |   156 ||   178
    Use: Potion            |       |     3 |     7 |    11 ||    21
         Scroll            |       |     6 |    15 |     7 ||    28
 Armour: Leather armour    |    15 |    13 |    41 |    39 ||   108
         Skin              |       |     4 |       |    42 ||    46
  Dodge: Dodged            |    33 |    40 |   113 |   136 ||   322
